 Dungeon Crawl Stone Soup version 0.29-a0-551-gffc1d7fb78 (webtiles) character file.

Game seed: 2945724230321822195

9 shadowstone the Grave Robber (level 2, -1/15 HPs)
             Began as a Tengu Necromancer on June 5, 2022.
             Frozen to death by an endoplasm (5 damage)
             ... on level 1 of the Dungeon.
             The game lasted 00:01:38 (459 turns).

shadowstone the Grave Robber (Tengu Necromancer)     Turns: 459, Time: 00:01:38

Health: -1/15      AC:  2    Str:  8    XL:     2   Next: 12%
Magic:  6/6        EV: 12    Int: 15    God:
Gold:   15         SH:  0    Dex: 14    Spells: 4/5 levels left

rFire   . . .      SeeInvis .     - Unarmed
rCold   . . .      Faith    .   (no shield)
rNeg    . . .      Spirit   .   a - +0 robe
rPois   .          Reflect  .   (helmet restricted)
rElec   .          Harm     .   (no cloak)
rCorr   .          Rampage  .   (no gloves)
Will    .....                   (boots unavailable)
Stlth   ++........              (no amulet)
HPRegen 0.05/turn               (no ring)
MPRegen 0.10/turn               (no ring)

@: no status effects
A: beak, talons 3
a: no special abilities


You were on level 1 of the Dungeon.
You visited 1 branch of the dungeon, and saw 1 of its levels.

You collected 15 gold pieces.

Inventory:

Armour
 a - a +0 robe (worn)
Scrolls
 c - a scroll of identify {unknown}
 d - a scroll of poison {unknown}
 e - a scroll of blinking {unknown}
Potions
 b - a potion of magic


   Skills:
 + Level 2.2 Dodging
 + Level 2.0 Stealth
 + Level 1.0 Unarmed Combat
 + Level 2.0 Spellcasting
 + Level 4.7 Necromancy


You had 4 spell levels left.
You knew the following spells:

 Your Spells              Type           Power      Damage    Failure   Level
a - Necrotize             Necr           60%        1d7       3%          1

Your spell library contained the following spells:

 Spells                   Type           Power      Damage    Failure   Level
 Vampiric Draining        Necr           15%        2d7       10%         3
 Animate Dead             Necr           15%        N/A       32%         4
 Agony                    Necr           15%        N/A       65%         5


Dungeon Overview and Level Annotations

Branches:
Dungeon (1/15)

Altars:


Innate Abilities, Weirdness & Mutations

You have a beak for a mouth.
You have claws for feet.


Message History

The bat barely misses you. The bat hits you. The bat attacks as you move away!
The bat hits you but does no damage. The bat hits you.
You closely miss the bat. Your kick misses the bat. You peck the bat.
You kill the bat!
Sorry, I don't know how to get there.
Found a scroll labelled JAJOTI DUGRE.
Found a robe.
e - a scroll labelled JAJOTI DUGRE You see here a +0 robe.
You see here a +0 robe.
An endoplasm comes into view.
Found a scroll labelled HEWNIHUDAR.
A dart slug comes into view.
The dart slug launches a dart at you. The slug dart misses you.
You see here a scroll labelled HEWNIHUDAR.
The dart slug launches a dart at you. The slug dart hits you.
The dart slug misses you.
You see here a scroll labelled HEWNIHUDAR.
You hit the dart slug but do no damage. You claw the dart slug.
The dart slug is heavily wounded.
The dart slug launches a dart at you. The slug dart hits you.
You hit the dart slug but do no damage.
The dart slug is heavily wounded.
The endoplasm hits you but does no damage.
The dart slug closely misses you.
You hit the dart slug but do no damage. You claw the dart slug.
You kill the dart slug!
The endoplasm barely misses you.
Your Unarmed Combat skill increases to level 1!
You have reached level 2!
The endoplasm hits you.
* * * LOW HITPOINT WARNING * * *
You barely miss the endoplasm. The endoplasm freezes you.
You are frozen.
You die...

###.#####.#.
##.#.#b###.#.
##..#.#..##.#. #+
#...#.#.P.#.#. #.
#######.#b###... #.
#.......#P#..... #####.#
#.#####.#.###...
.......##.#..b#.#...##.#
#...J@..##P.#.#..###.#
#...†?#####P#.#.## #..
###.#.#.#######.### ###
............#...#
....###.#####..## ####
#.......## #########


You could see an endoplasm.

Vanquished Creatures
  A dart slug (D:1)
  An endoplasm (D:1)
  2 giant cockroaches (D:1)
  A bat (D:1)
  2 rats (D:1)
7 creatures vanquished.

Notes
Turn   | Place    | Note
-------+----------+-------------------------------------------
     0 | D:1      | shadowstone the Tengu Necromancer began the quest for the
                  | Orb.
     0 | D:1      | Reached XP level 1. HP: 10/10 MP: 4/4
   458 | D:1      | Reached skill level 1 in Unarmed Combat
   458 | D:1      | Reached XP level 2. HP: 7/15 MP: 6/6
   459 | D:1      | Frozen to death by an endoplasm

Illustrated notes

Levels and vault maps discovered:
D:1:      spicycebolla_arrival_xxxplode, layout_loops_corners, serial_aquarium,
          aquarium_bridge_square [aquarium_subvault_balcony,
          aquarium_subvault_bridge, aquarium_subvault_bridge,
          aquarium_subvault_bridge], aquarium_bridge_square
          [aquarium_subvault_bridge, aquarium_subvault_window,
          aquarium_subvault_wall, aquarium_subvault_wall],
          aquarium_window_corner, aquarium_window_3, aquarium_window_2,
          aquarium_window_1, aquarium_view_2e, aquarium_balcony_1b,
          aquarium_pool_2, minivault_5

Skill      XL: |  1 |
---------------+----+-----
Unarmed Combat | 1 |  1.0
Dodging        | |  2.2
Stealth        | |  2.0
Spellcasting   | |  2.0
Necromancy     | |  4.7

Action                   || total
-------------------------++-------
Melee: Unarmed           ||    21
       Kick              ||     8
       Peck              ||     2
Armor: Robe              ||    13
Dodge: Dodged            ||    17

Table legend: (Time is in decaauts)
 A = Elapsed time spent in this place.
 B = Non-inter-level travel time spent in this place.
 C = Inter-level travel time spent in this place.
 D = Time resting spent in this place.
 E = Time spent auto-exploring this place.
 F = Levels seen in this place.
 G = Mean time per level.
                   A        B        C        D        E       F      G
               +--------+--------+--------+--------+--------+-----+--------+
         Total |    458 |    451 |      7 |    142 |      0 |   1 |  458.0 |
       Dungeon |    458 |    451 |      7 |    142 |      0 |   1 |  458.0 |
               +--------+--------+--------+--------+--------+-----+--------+

Top non-repeatable levels by time:
     D:1: 458 daAuts
